Arizona Coyotes vs San Jose Sharks
Created - Monday, May 12, 2025 at 09:19
Goals
|
| Arizona Coyotes |
0 |
2 |
1 |
1 |
4 |
| San Jose Sharks |
0 |
1 |
2 |
0 |
3 |
|
Shots
|
| Arizona Coyotes |
15 |
12 |
8 |
1 |
36 |
| San Jose Sharks |
11 |
4 |
16 |
1 |
32 |
|
1st period
No Goal
Penalties :
Brandon Tanev (SJS) for Fighting (Major) at 10:10, Tyler Bertuzzi (AZC) for Fighting (Major) at 10:10, Tyler Bertuzzi (AZC) for instigated a fight (Minor) at 10:10, Tyler Bertuzzi (AZC) for instigated a fight (10 Minutes Misconduct) at 10:10
2nd period
1. San Jose Sharks , Jonathan Drouin 25 (Ryan Johansen 22) at 0:23
2. Arizona Coyotes , Mike Hoffman 11 (Mark Jankowski 9) at 12:37
3. Arizona Coyotes , Charlie Coyle 29 (Mark Jankowski 10) at 16:05
Penalties :
Ondrej Palat (AZC) for Cross-checking (Minor) at 4:27, Matt Dumba (AZC) for Tripping (Minor) at 7:01, Connor Murphy (SJS) for Fighting (Major) at 18:01, Ross Colton (AZC) for Fighting (Major) at 18:01, Marcus Pettersson (SJS) for Slashing (Minor) at 19:37
3rd period
4. Arizona Coyotes , Mike Hoffman 12 (Charlie Coyle 54, Nick Seeler 7) at 5:35
5. San Jose Sharks , Kevin Fiala 36 (Adam Henrique 44) at 10:17
6. San Jose Sharks , Alec Martinez 1 (Matthew Knies 11, Connor Murphy 17) at 16:18 (PP)
Penalties :
Brayden McNabb (AZC) for Hooking (Minor) at 14:26, T.J. Oshie (SJS) for Roughing (Minor) at 16:19
Overtime #1
7. Arizona Coyotes , Tyler Seguin 25 (Ryan Donato 35) at 0:26
Penalties :
No Penalty
Goalie Stats
Jacob Markstrom (AZC), 29 saves from 32 shots - (0.906), W, 24-20-6, 60:26 minutes
Stuart Skinner (SJS), 32 saves from 36 shots - (0.889), OTL, 30-14-6, 60:26 minutes
Players Stats for Arizona Coyotes
Player Name G A P +/- PIM S H SB GA TA FO MP PP MP PK MP
------------------------------------------------------------------------------------
Brayden McNabb 0 0 0 3 2 0 1 1 0 0 0/0 19:53 1:52 2:48
Charlie Coyle 1 1 2 2 0 8 0 0 1 1 10/15 23:29 1:41 4:04
Erik Haula 0 0 0 -2 0 1 1 0 0 0 0/0 15:52 2:03 0:00
Jani Hakanpaa 0 0 0 -2 0 0 1 4 1 0 0/0 24:38 2:06 4:14
Jared Spurgeon 0 0 0 2 0 4 0 1 0 0 0/0 18:15 0:00 3:35
Kiefer Sherwood 0 0 0 0 0 1 0 0 0 0 0/1 13:52 0:00 0:23
Mark Jankowski 0 2 2 3 0 1 0 0 0 0 0/0 8:06 0:00 0:07
Mats Zuccarello 0 0 0 0 0 2 2 0 0 0 0/0 18:46 1:41 4:06
Matt Dumba 0 0 0 1 2 1 3 0 0 0 0/0 17:33 2:06 0:00
Mike Hoffman 2 0 2 3 0 4 0 1 0 0 2/3 7:55 0:00 0:00
Nick Seeler 0 1 1 1 0 0 1 0 0 0 0/0 15:54 0:00 0:47
Ondrej Palat 0 0 0 0 2 2 1 1 0 2 0/1 14:30 0:00 0:47
Radko Gudas 0 0 0 -1 0 1 4 0 0 2 0/0 24:37 1:52 4:14
Ross Colton 0 0 0 0 5 3 2 0 0 0 5/6 12:39 0:14 0:00
Ryan Donato 0 1 1 -1 0 4 2 0 0 1 7/18 19:43 2:03 3:10
Tyler Bertuzzi 0 0 0 -1 17 0 0 1 1 0 0/1 12:24 2:03 0:00
Tyler Seguin 1 0 1 1 0 4 0 0 1 0 4/4 17:44 1:55 3:01
William Carrier 0 0 0 0 0 0 0 0 0 0 0/0 8:00 0:14 0:00
Players Stats for San Jose Sharks
Player Name G A P +/- PIM S H SB GA TA FO MP PP MP PK MP
------------------------------------------------------------------------------------
Adam Henrique 0 1 1 1 0 4 0 1 0 0 9/20 19:40 2:59 2:08
Alec Martinez 1 0 1 -2 0 2 0 1 0 1 0/0 18:58 3:49 1:33
Brandon Tanev 0 0 0 0 5 2 0 0 1 0 0/1 12:07 1:45 0:36
Calle Jarnkrok 0 0 0 0 0 1 2 0 0 0 1/1 14:05 0:00 0:00
Christopher Tanev 0 0 0 -1 0 1 1 2 0 0 0/0 22:16 3:49 2:38
Connor Murphy 0 1 1 1 5 0 2 3 0 0 0/0 22:50 4:00 0:49
Dmitry Orlov 0 0 0 -3 0 1 2 2 0 1 0/0 16:42 0:00 2:07
Eeli Tolvanen 0 0 0 0 0 2 1 0 0 1 0/0 9:34 0:27 0:00
Ilya Mikheyev 0 0 0 0 0 1 1 0 1 0 0/0 11:10 1:02 0:00
Jonathan Drouin 1 0 1 -2 0 1 4 0 1 1 0/0 19:19 4:23 1:14
Kevin Fiala 1 0 1 1 0 5 0 0 1 0 0/0 19:29 2:59 2:05
Marcus Pettersson 0 0 0 1 2 2 2 1 0 0 0/0 24:31 4:00 0:49
Matthew Knies 0 1 1 -2 0 1 1 0 1 0 0/1 19:20 4:38 0:19
Max Domi 0 0 0 0 0 4 0 1 0 0 3/7 11:58 0:30 0:24
Nick Perbix 0 0 0 0 0 1 1 0 0 0 0/0 15:46 0:00 0:00
Noel Acciari 0 0 0 0 0 1 0 1 0 0 0/0 8:43 0:00 0:00
Ryan Johansen 0 1 1 -3 0 2 1 1 1 0 7/17 19:42 4:23 1:10
T.J. Oshie 0 0 0 0 2 1 2 0 0 0 1/2 11:32 0:21 0:00
3 Stars
1 - Mike Hoffman (AZC)
2 - Charlie Coyle (AZC)
3 - Mark Jankowski (AZC)
Power Play
Arizona Coyotes - 0 on 2 Attempt(s) - 0.00%
San Jose Sharks - 1 on 4 Attempt(s) - 25.00%
Penalty Kill
Arizona Coyotes - 3 on 4 Attempt(s) - 75.00%
- Score 0 goal in Penalty Kill
San Jose Sharks - 2 on 2 Attempt(s) - 100.00%
- Score 0 goal in Penalty Kill
Team Stat
Arizona Coyotes - Hits : 18 - Faceoff Wins : 28 - Blocked Shots : 9 - Penalty Minutes : 28
San Jose Sharks - Hits : 20 - Faceoff Wins : 21 - Blocked Shots : 13 - Penalty Minutes : 14
Official
Referees : Jon Mcisaac and Chris Schlenker
Linesman : Brad Kovachik and Jonny Murray
Game Notes
Tyler Bertuzzi beats up Brandon Tanev at 10:10 of 1st period
Connor Murphy beats up Ross Colton at 18:01 of 2nd period
13:11 of 3rd period - San Jose Sharks goal is going for a video replay. After video review, No Goal. The goalkeeper has been pushed into the net together with the puck after making a save.
Finance
Level 1 -- Attendance: 5267 (87.78%) -- Ticket Income $510,899
Level 2 -- Attendance: 5000 (100.00%) -- Ticket Income $285,000
Level 3 -- Attendance: 3000 (100.00%) -- Ticket Income $99,000
Level 4 -- Attendance: 5000 (100.00%) -- Ticket Income $110,000
Luxury Box -- Attendance: 867 (86.70%) -- Ticket Income $167,331
Game was played at the SAP Center at San Jose.
Total Attendance: 19134 (95.67%)
Total Ticket Income: $1,172,230
Other Income: $410,280
Total Income: $1,582,510
Arizona Coyotes
5 vs 5 Forward
Center Left Wing Right Wing Time % Phy DF OF
1 Charlie Coyle Mats Zuccarello Tyler Seguin 30 1 2 2
2 Ryan Donato Erik Haula Tyler Bertuzzi 30 1 2 2
3 Ross Colton Ondrej Palat Kiefer Sherwood 25 1 2 2
4 Mike Hoffman Mark Jankowski Charlie Coyle 15 1 2 2
5 vs 5 Defense
Defense Defense Time % Phy DF OF
1 Radko Gudas Jani Hakanpaa 35 1 2 2
2 Jared Spurgeon Brayden McNabb 30 1 2 2
3 Matt Dumba Nick Seeler 25 1 2 2
4 Radko Gudas Jani Hakanpaa 10 1 2 2
PowerPlay Forward
Center Left Wing Right Wing Time % Phy DF OF
1 Charlie Coyle Mats Zuccarello Tyler Seguin 50 1 2 2
2 Ryan Donato Erik Haula Tyler Bertuzzi 50 1 2 2
PowerPlay Defense
Defense Defense Time % Phy DF OF
1 Matt Dumba Jani Hakanpaa 50 1 2 2
2 Radko Gudas Brayden McNabb 50 1 2 2
Penalty Kill 4 Players Forward
Center Wing Time % Phy DF OF
1 Charlie Coyle Mats Zuccarello 50 1 2 2
2 Tyler Seguin Ryan Donato 50 1 2 2
Penalty Kill 4 Players Defense
Defense Defense Time % Phy DF OF
1 Radko Gudas Jani Hakanpaa 56 1 2 2
2 Jared Spurgeon Brayden McNabb 44 1 2 2
Penalty Kill - 3 Players Forward
Forward Time % Phy DF OF
1 Charlie Coyle 50 1 2 2
2 Mats Zuccarello 50 1 2 2
Penalty Kill - 3 Players Defense
Defense Defense Time % Phy DF OF
1 Matt Dumba Jani Hakanpaa 50 1 2 2
2 Radko Gudas Brayden McNabb 50 1 2 2
4 vs 4 Forward
Center Wing Time % Phy DF OF
1 Charlie Coyle Mats Zuccarello 50 1 2 2
2 Tyler Seguin Ryan Donato 50 1 2 2
4 vs 4 Defense
Defense Defense Time % Phy DF OF
1 Matt Dumba Jani Hakanpaa 50 1 2 2
2 Radko Gudas Brayden McNabb 50 1 2 2
Last Minutes Offensive
Center Left Wing Right Wing Defense Defense
Charlie Coyle Mats Zuccarello Tyler Seguin Jared Spurgeon Jani Hakanpaa
Last Minutes Defensive
Center Left Wing Right Wing Defense Defense
Charlie Coyle Mats Zuccarello Tyler Seguin Jared Spurgeon Jani Hakanpaa
Goaltenders
Starting : Jacob Markstrom
Backup : Elvis Merzlikins
Extra Forwards
Normal : William Carrier, Ross Colton, Ondrej Palat - PP : William Carrier, Ross Colton - PK : Ondrej Palat
Extra Defensemen
Normal : Matt Dumba, Nick Seeler, Radko Gudas - PP : Matt Dumba - PK : Nick Seeler, Radko Gudas
Penalty Shots
Charlie Coyle, Mats Zuccarello, Tyler Seguin, Ryan Donato, Erik Haula
Scratches
Mason McTavish (Healthy), Anthony Deangelo (Healthy), Carter Hart (Healthy)
San Jose Sharks
5 vs 5 Forward
Center Left Wing Right Wing Time % Phy DF OF
1 Adam Henrique Kevin Fiala Calle Jarnkrok 30 1 2 2
2 Ryan Johansen Matthew Knies Jonathan Drouin 30 1 2 2
3 Max Domi Brandon Tanev T.J. Oshie 25 1 2 2
4 Noel Acciari Eeli Tolvanen Ilya Mikheyev 15 1 2 2
5 vs 5 Defense
Defense Defense Time % Phy DF OF
1 Marcus Pettersson Connor Murphy 30 1 2 2
2 Christopher Tanev Nick Perbix 30 1 2 2
3 Dmitry Orlov Alec Martinez 25 1 2 2
4 Marcus Pettersson Connor Murphy 15 1 2 2
PowerPlay Forward
Center Left Wing Right Wing Time % Phy DF OF
1 Adam Henrique Kevin Fiala Brandon Tanev 50 1 2 2
2 Ryan Johansen Matthew Knies Jonathan Drouin 50 1 2 2
PowerPlay Defense
Defense Defense Time % Phy DF OF
1 Marcus Pettersson Connor Murphy 50 1 2 2
2 Christopher Tanev Alec Martinez 50 1 2 2
Penalty Kill 4 Players Forward
Center Wing Time % Phy DF OF
1 Adam Henrique Kevin Fiala 50 1 2 2
2 Ryan Johansen Jonathan Drouin 50 1 2 2
Penalty Kill 4 Players Defense
Defense Defense Time % Phy DF OF
1 Marcus Pettersson Connor Murphy 50 1 2 2
2 Christopher Tanev Dmitry Orlov 50 1 2 2
Penalty Kill - 3 Players Forward
Forward Time % Phy DF OF
1 Adam Henrique 50 1 2 2
2 Noel Acciari 50 1 2 2
Penalty Kill - 3 Players Defense
Defense Defense Time % Phy DF OF
1 Marcus Pettersson Connor Murphy 50 1 2 2
2 Christopher Tanev Alec Martinez 50 1 2 2
4 vs 4 Forward
Center Wing Time % Phy DF OF
1 Adam Henrique Kevin Fiala 50 1 2 2
2 Ryan Johansen Calle Jarnkrok 50 1 2 2
4 vs 4 Defense
Defense Defense Time % Phy DF OF
1 Marcus Pettersson Connor Murphy 50 1 2 2
2 Christopher Tanev Dmitry Orlov 50 1 2 2
Last Minutes Offensive
Center Left Wing Right Wing Defense Defense
Adam Henrique Kevin Fiala Calle Jarnkrok Marcus Pettersson Connor Murphy
Last Minutes Defensive
Center Left Wing Right Wing Defense Defense
Adam Henrique Kevin Fiala Calle Jarnkrok Marcus Pettersson Connor Murphy
Goaltenders
Starting : Stuart Skinner
Backup : Tristan Jarry
Extra Forwards
Normal : Ilya Mikheyev, Ryan Johansen, Brandon Tanev - PP : Ilya Mikheyev, Ryan Johansen - PK : Brandon Tanev
Extra Defensemen
Normal : Dmitry Orlov, Alec Martinez, Christopher Tanev - PP : Dmitry Orlov - PK : Alec Martinez, Christopher Tanev
Penalty Shots
Adam Henrique, Kevin Fiala, Ryan Johansen, Jonathan Drouin, T.J. Oshie
Scratches
Kasperi Kapanen (Healthy), Clay Stevenson (Healthy)
% Time on Ice - Arizona Coyotes
Lines # - Real PCT - Wanted PCT - Time Play
Normal Forward
1 - 27% - 30% - 13:15
2 - 30% - 30% - 14:28
3 - 26% - 25% - 12:35
4 - 16% - 15% - 7:55
Normal Defense
1 - 34% - 35% - 16:30
2 - 31% - 30% - 15:03
3 - 31% - 25% - 15:07
4 - 3% - 10% - 1:33
PP Forward
1 - 48% - 50% - 1:55
2 - 52% - 50% - 2:03
PP Defense
1 - 53% - 50% - 2:06
2 - 47% - 50% - 1:52
PK Forward
1 - 56% - 50% - 4:22
2 - 44% - 50% - 3:27
PK Defense
1 - 54% - 56% - 4:14
2 - 46% - 44% - 3:35
PK3 Forward
1 - 0% - 50%
2 - 0% - 50%
PK3 Defense
1 - 0% - 50%
2 - 0% - 50%
44 Forward
1 - 58% - 50% - 0:15
2 - 42% - 50% - 0:11
44 Defense
1 - 58% - 50% - 0:15
2 - 42% - 50% - 0:11
Last Minute Offensive - 0:00
Last Minute Defensive - 0:00
Total
Forward - 60:26
Defense - 60:26
|
% Time on Ice - San Jose Sharks
Lines # - Real PCT - Wanted PCT - Time Play
Normal Forward
1 - 31% - 30% - 14:46
2 - 29% - 30% - 13:45
3 - 23% - 25% - 10:59
4 - 18% - 15% - 8:43
Normal Defense
1 - 30% - 30% - 14:16
2 - 32% - 30% - 15:14
3 - 26% - 25% - 12:43
4 - 12% - 15% - 6:00
PP Forward
1 - 44% - 50% - 3:26
2 - 56% - 50% - 4:23
PP Defense
1 - 51% - 50% - 4:00
2 - 49% - 50% - 3:49
PK Forward
1 - 58% - 50% - 2:18
2 - 42% - 50% - 1:40
PK Defense
1 - 61% - 50% - 2:26
2 - 39% - 50% - 1:32
PK3 Forward
1 - 0% - 50%
2 - 0% - 50%
PK3 Defense
1 - 0% - 50%
2 - 0% - 50%
44 Forward
1 - 58% - 50% - 0:15
2 - 42% - 50% - 0:11
44 Defense
1 - 58% - 50% - 0:15
2 - 42% - 50% - 0:11
Last Minute Offensive - 0:00
Last Minute Defensive - 0:00
Total
Forward - 60:26
Defense - 60:26
|
Play-by-Play
1st period
0:01 of 1st period - Charlie Coyle wins face-off versus Adam Henrique in neutral zone.
0:16 of 1st period - Slapshot by Adam Henrique.
0:16 of 1st period - Shot Misses the Net.
0:53 of 1st period - Max Domi is hit by Ross Colton and loses puck.
1:26 of 1st period - Snap shot by Tyler Seguin.
1:26 of 1st period - Shot Blocked by Connor Murphy.
1:55 of 1st period - Slapshot by Adam Henrique.
1:55 of 1st period - Stopped by Jacob Markstrom with a rebound.
2:10 of 1st period - Snap shot by Brandon Tanev.
2:10 of 1st period - Stopped by Jacob Markstrom with a rebound.
3:21 of 1st period - Calle Jarnkrok is hit by Brayden McNabb and loses puck.
3:30 of 1st period - Wrist shot by Kevin Fiala.
3:30 of 1st period - Stopped by Jacob Markstrom with a rebound.
3:32 of 1st period - Wrist shot by Nick Perbix.
3:32 of 1st period - Stopped by Jacob Markstrom with a rebound.
3:34 of 1st period - Slapshot by Adam Henrique.
3:34 of 1st period - Shot Blocked by Brayden McNabb.
4:06 of 1st period - Snap shot by Kevin Fiala.
4:06 of 1st period - Shot Misses the Net.
4:08 of 1st period - Wrist shot by Kevin Fiala.
4:08 of 1st period - Shot Misses the Net.
4:10 of 1st period - Wrist shot by Kevin Fiala.
4:10 of 1st period - Shot Misses the Net.
4:12 of 1st period - Slapshot by Christopher Tanev.
4:12 of 1st period - Stopped by Jacob Markstrom without a rebound.
4:13 of 1st period - Ryan Donato wins face-off versus Ryan Johansen in Arizona Coyotes zone.
4:42 of 1st period - Off-side.
4:43 of 1st period - Ross Colton wins face-off versus Max Domi in neutral zone.
4:52 of 1st period - Wrist shot by Ross Colton.
4:52 of 1st period - Stopped by Stuart Skinner with a rebound.
5:27 of 1st period - Snap shot by Ross Colton.
5:27 of 1st period - Stopped by Stuart Skinner with a rebound.
5:35 of 1st period - Snap shot by Ross Colton.
5:35 of 1st period - Stopped by Stuart Skinner without a rebound.
5:36 of 1st period - Ryan Johansen wins face-off versus Ryan Donato in San Jose Sharks zone.
5:41 of 1st period - Tyler Bertuzzi is hit by Matthew Knies and loses puck.
5:59 of 1st period - Icing by Jared Spurgeon.
6:00 of 1st period - Max Domi wins face-off versus Mike Hoffman in Arizona Coyotes zone.
6:35 of 1st period - Snap shot by Ryan Donato.
6:35 of 1st period - Stopped by Stuart Skinner with a rebound.
8:08 of 1st period - Backhand shot by Ilya Mikheyev.
8:08 of 1st period - Stopped by Jacob Markstrom with a rebound.
8:10 of 1st period - Wrist shot by Noel Acciari.
8:10 of 1st period - Shot Misses the Net.
8:12 of 1st period - Snap shot by Marcus Pettersson.
8:12 of 1st period - Stopped by Jacob Markstrom with a rebound.
8:14 of 1st period - Wrist shot by Noel Acciari.
8:14 of 1st period - Stopped by Jacob Markstrom with a rebound.
8:25 of 1st period - Off-side.
8:26 of 1st period - Ryan Donato wins face-off versus Adam Henrique in neutral zone.
8:33 of 1st period - Snap shot by Tyler Bertuzzi.
8:33 of 1st period - Shot Blocked by Alec Martinez.
8:35 of 1st period - Slapshot by Erik Haula.
8:35 of 1st period - Stopped by Stuart Skinner with a rebound.
8:37 of 1st period - Snap shot by Ryan Donato.
8:37 of 1st period - Stopped by Stuart Skinner with a rebound.
8:39 of 1st period - Slapshot by Jared Spurgeon.
8:39 of 1st period - Stopped by Stuart Skinner without a rebound.
8:40 of 1st period - Charlie Coyle wins face-off versus Matthew Knies in San Jose Sharks zone.
8:49 of 1st period - Snap shot by Tyler Seguin.
8:49 of 1st period - Stopped by Stuart Skinner without a rebound.
8:50 of 1st period - Charlie Coyle wins face-off versus Ryan Johansen in San Jose Sharks zone.
9:11 of 1st period - Slapshot by Tyler Seguin.
9:11 of 1st period - Shot Misses the Net.
9:13 of 1st period - Snap shot by Charlie Coyle.
9:13 of 1st period - Shot Misses the Net.
9:23 of 1st period - Snap shot by Mats Zuccarello.
9:23 of 1st period - Shot Misses the Net.
9:25 of 1st period - Slapshot by Jani Hakanpaa.
9:25 of 1st period - Shot Blocked by Marcus Pettersson.
9:27 of 1st period - Snap shot by Radko Gudas.
9:27 of 1st period - Stopped by Stuart Skinner with a rebound.
9:29 of 1st period - Slapshot by Radko Gudas.
9:29 of 1st period - Shot Blocked by Ryan Johansen.
9:31 of 1st period - Snap shot by Charlie Coyle.
9:31 of 1st period - Shot Blocked by Connor Murphy.
9:33 of 1st period - Snap shot by Charlie Coyle.
9:33 of 1st period - Stopped by Stuart Skinner with a rebound.
9:40 of 1st period - Snap shot by Mats Zuccarello.
9:40 of 1st period - Shot Misses the Net.
9:42 of 1st period - Slapshot by Radko Gudas.
9:42 of 1st period - Shot Misses the Net.
10:06 of 1st period - Slapshot by Mats Zuccarello.
10:06 of 1st period - Stopped by Stuart Skinner without a rebound.
10:07 of 1st period - Max Domi wins face-off versus Ryan Donato in San Jose Sharks zone.
10:07 of 1st period - Max Domi is hit by Erik Haula.
10:10 of 1st period - Tyler Bertuzzi beats up Brandon Tanev.
10:10 of 1st period - Penalty to Brandon Tanev for Fighting.
10:10 of 1st period - Penalty to Tyler Bertuzzi for Fighting.
10:10 of 1st period - Penalty to Tyler Bertuzzi for instigated a fight.
10:10 of 1st period - Penalty to Tyler Bertuzzi for instigated a fight.
10:11 of 1st period - Tyler Seguin wins face-off versus Adam Henrique in neutral zone.
11:02 of 1st period - Radko Gudas is hit by Ryan Johansen and loses puck.
12:10 of 1st period - Penalty to Tyler Bertuzzi is over, Charlie Coyle is send on ice.
12:29 of 1st period - Ondrej Palat is hit by T.J. Oshie and loses puck.
12:53 of 1st period - Icing by Mike Hoffman.
12:54 of 1st period - Ryan Donato wins face-off versus Max Domi in Arizona Coyotes zone.
13:27 of 1st period - Ross Colton is hit by Dmitry Orlov and loses puck.
14:32 of 1st period - Slapshot by Max Domi.
14:32 of 1st period - Stopped by Jacob Markstrom without a rebound.
14:33 of 1st period - Ross Colton wins face-off versus Ryan Johansen in Arizona Coyotes zone.
14:57 of 1st period - Ondrej Palat is hit by T.J. Oshie and loses puck.
15:26 of 1st period - Snap shot by Ondrej Palat.
15:26 of 1st period - Shot Misses the Net.
15:28 of 1st period - Snap shot by Ondrej Palat.
15:28 of 1st period - Shot Blocked by Christopher Tanev.
15:30 of 1st period - Slapshot by Jared Spurgeon.
15:30 of 1st period - Stopped by Stuart Skinner without a rebound.
15:31 of 1st period - Ryan Donato wins face-off versus Adam Henrique in San Jose Sharks zone.
15:58 of 1st period - Wrist shot by Charlie Coyle.
15:58 of 1st period - Shot Misses the Net.
18:12 of 1st period - Wrist shot by Max Domi.
18:12 of 1st period - Stopped by Jacob Markstrom without a rebound.
18:13 of 1st period - Mike Hoffman wins face-off versus T.J. Oshie in Arizona Coyotes zone.
18:20 of 1st period - Snap shot by Ryan Donato.
18:20 of 1st period - Shot Blocked by Connor Murphy.
18:38 of 1st period - Adam Henrique is hit by Radko Gudas and loses puck.
18:45 of 1st period - Wrist shot by Ondrej Palat.
18:45 of 1st period - Stopped by Stuart Skinner with a rebound.
18:47 of 1st period - Slapshot by Jared Spurgeon.
18:47 of 1st period - Stopped by Stuart Skinner with a rebound.
18:49 of 1st period - Slapshot by Ross Colton.
18:49 of 1st period - Deflect By Kiefer Sherwood.
18:49 of 1st period - Stopped by Stuart Skinner with a rebound.
19:25 of 1st period - Snap shot by Eeli Tolvanen.
19:25 of 1st period - Stopped by Jacob Markstrom with a rebound.
19:27 of 1st period - Wrist shot by Connor Murphy.
19:27 of 1st period - Shot Misses the Net.
19:55 of 1st period - Tyler Seguin is hit by Calle Jarnkrok and loses puck.
Goals for this period are 0 for Arizona Coyotes vs 0 for San Jose Sharks.
Shots for this period are 15 for Arizona Coyotes vs 11 for San Jose Sharks.
2nd period
0:01 of 2nd period - Adam Henrique wins face-off versus Ryan Donato in neutral zone.
0:04 of 2nd period - Snap shot by Calle Jarnkrok.
0:04 of 2nd period - Shot Misses the Net.
0:21 of 2nd period - Icing by Ryan Donato.
0:22 of 2nd period - Ryan Johansen wins face-off versus Ryan Donato in Arizona Coyotes zone.
0:23 of 2nd period - Slapshot by Jonathan Drouin.
0:23 of 2nd period - Deflect By Radko Gudas.
0:23 of 2nd period - Goal by Jonathan Drouin - Arizona Coyotes : 0 - San Jose Sharks : 1.
0:24 of 2nd period - Calle Jarnkrok wins face-off versus Charlie Coyle in neutral zone.
0:35 of 2nd period - Christopher Tanev is hit by Jani Hakanpaa and loses puck.
0:50 of 2nd period - Jonathan Drouin is hit by Radko Gudas and loses puck.
1:36 of 2nd period - Wrist shot by Mike Hoffman.
1:36 of 2nd period - Stopped by Stuart Skinner with a rebound.
1:38 of 2nd period - Slapshot by Mark Jankowski.
1:38 of 2nd period - Shot Misses the Net.
1:40 of 2nd period - Wrist shot by Mark Jankowski.
1:40 of 2nd period - Shot Misses the Net.
1:42 of 2nd period - Snap shot by Charlie Coyle.
1:42 of 2nd period - Stopped by Stuart Skinner with a rebound.
1:44 of 2nd period - Snap shot by Mark Jankowski.
1:44 of 2nd period - Stopped by Stuart Skinner with a rebound.
1:56 of 2nd period - Jani Hakanpaa is hit by Connor Murphy and loses puck.
2:33 of 2nd period - T.J. Oshie is hit by Radko Gudas and loses puck.
3:43 of 2nd period - Wrist shot by Tyler Seguin.
3:43 of 2nd period - Shot Blocked by Noel Acciari.
4:27 of 2nd period - Minor Penalty to Ondrej Palat for Cross-checking.
4:28 of 2nd period - Tyler Seguin wins face-off versus Ryan Johansen in Arizona Coyotes zone.
4:40 of 2nd period - Snap shot by Jonathan Drouin.
4:40 of 2nd period - Shot Misses the Net.
5:10 of 2nd period - 10 Minutes Misconduct Penalty to Tyler Bertuzzi is over.
6:04 of 2nd period - Ryan Donato is hit by Jonathan Drouin and loses puck.
6:27 of 2nd period - Penalty to Ondrej Palat is over, Ondrej Palat is back on ice.
7:01 of 2nd period - Minor Penalty to Matt Dumba for Tripping.
7:02 of 2nd period - Tyler Seguin wins face-off versus Adam Henrique in Arizona Coyotes zone.
9:01 of 2nd period - Penalty to Matt Dumba is over, Matt Dumba is back on ice.
9:41 of 2nd period - Snap shot by Mike Hoffman.
9:41 of 2nd period - Stopped by Stuart Skinner with a rebound.
10:19 of 2nd period - Backhand shot by Max Domi.
10:19 of 2nd period - Deflect By T.J. Oshie.
10:19 of 2nd period - Stopped by Jacob Markstrom with a rebound.
11:32 of 2nd period - Jonathan Drouin is hit by Matt Dumba and loses puck.
11:51 of 2nd period - Ross Colton is hit by Ilya Mikheyev and loses puck.
12:08 of 2nd period - Adam Henrique is hit by Mats Zuccarello and loses puck.
12:19 of 2nd period - Adam Henrique is hit by Ryan Donato and loses puck.
12:33 of 2nd period - Off-side.
12:34 of 2nd period - Mike Hoffman wins face-off versus Ryan Johansen in neutral zone.
12:37 of 2nd period - Wrist shot by Mike Hoffman.
12:37 of 2nd period - Goal by Mike Hoffman - Arizona Coyotes : 1 - San Jose Sharks : 1.
12:38 of 2nd period - Ryan Johansen wins face-off versus Charlie Coyle in neutral zone.
13:11 of 2nd period - Wrist shot by Brandon Tanev.
13:11 of 2nd period - Deflect By T.J. Oshie.
13:11 of 2nd period - Shot Blocked by Jani Hakanpaa.
13:11 of 2nd period - Puck is out of play.
13:12 of 2nd period - Ryan Johansen wins face-off versus Ryan Donato in Arizona Coyotes zone.
13:22 of 2nd period - Icing by Tyler Bertuzzi.
13:23 of 2nd period - Adam Henrique wins face-off versus Ryan Donato in Arizona Coyotes zone.
13:50 of 2nd period - Snap shot by Charlie Coyle.
13:50 of 2nd period - Stopped by Stuart Skinner with a rebound.
13:52 of 2nd period - Wrist shot by Tyler Seguin.
13:52 of 2nd period - Stopped by Stuart Skinner without a rebound.
13:53 of 2nd period - Charlie Coyle wins face-off versus Ryan Johansen in San Jose Sharks zone.
14:28 of 2nd period - Backhand shot by Ryan Donato.
14:28 of 2nd period - Stopped by Stuart Skinner without a rebound.
14:29 of 2nd period - Ryan Johansen wins face-off versus Ryan Donato in San Jose Sharks zone.
14:29 of 2nd period - Ryan Johansen is hit by Ryan Donato.
15:05 of 2nd period - Snap shot by Tyler Seguin.
15:05 of 2nd period - Shot Misses the Net.
15:07 of 2nd period - Slapshot by Charlie Coyle.
15:07 of 2nd period - Stopped by Stuart Skinner without a rebound.
15:08 of 2nd period - Ross Colton wins face-off versus Ryan Johansen in San Jose Sharks zone.
15:58 of 2nd period - Ryan Johansen is hit by Matt Dumba and loses puck.
16:05 of 2nd period - Slapshot by Charlie Coyle.
16:05 of 2nd period - Deflect By Ryan Johansen.
16:05 of 2nd period - Goal by Charlie Coyle - Arizona Coyotes : 2 - San Jose Sharks : 1.
16:06 of 2nd period - Charlie Coyle wins face-off versus Adam Henrique in neutral zone.
16:31 of 2nd period - T.J. Oshie is hit by Radko Gudas and loses puck.
16:40 of 2nd period - Slapshot by Marcus Pettersson.
16:40 of 2nd period - Shot Misses the Net.
17:12 of 2nd period - Snap shot by Christopher Tanev.
17:12 of 2nd period - Shot Misses the Net.
17:41 of 2nd period - Snap shot by Kevin Fiala.
17:41 of 2nd period - Stopped by Jacob Markstrom without a rebound.
17:42 of 2nd period - T.J. Oshie wins face-off versus Ondrej Palat in Arizona Coyotes zone.
17:43 of 2nd period - Snap shot by Max Domi.
17:43 of 2nd period - Shot Blocked by Ondrej Palat.
17:45 of 2nd period - Snap shot by T.J. Oshie.
17:45 of 2nd period - Shot Misses the Net.
17:47 of 2nd period - Slapshot by Max Domi.
17:47 of 2nd period - Stopped by Jacob Markstrom without a rebound.
17:48 of 2nd period - Ross Colton wins face-off versus Brandon Tanev in Arizona Coyotes zone.
17:50 of 2nd period - Icing by Ondrej Palat.
17:51 of 2nd period - Ross Colton wins face-off versus Max Domi in Arizona Coyotes zone.
18:00 of 2nd period - Snap shot by Ondrej Palat.
18:00 of 2nd period - Shot Misses the Net.
18:01 of 2nd period - Connor Murphy beats up Ross Colton.
18:01 of 2nd period - Penalty to Connor Murphy for Fighting.
18:01 of 2nd period - Penalty to Ross Colton for Fighting.
18:02 of 2nd period - Adam Henrique wins face-off versus Charlie Coyle in San Jose Sharks zone.
18:02 of 2nd period - Adam Henrique is hit by Mats Zuccarello.
18:10 of 2nd period - Wrist shot by Charlie Coyle.
18:10 of 2nd period - Stopped by Stuart Skinner with a rebound.
18:12 of 2nd period - Snap shot by Tyler Seguin.
18:12 of 2nd period - Shot Misses the Net.
18:50 of 2nd period - Wrist shot by Ryan Donato.
18:50 of 2nd period - Stopped by Stuart Skinner without a rebound.
18:51 of 2nd period - Ryan Donato wins face-off versus Max Domi in San Jose Sharks zone.
19:37 of 2nd period - Minor Penalty to Marcus Pettersson for Slashing.
19:38 of 2nd period - Charlie Coyle wins face-off versus Adam Henrique in San Jose Sharks zone.
19:42 of 2nd period - Slapshot by Tyler Seguin.
19:42 of 2nd period - Shot Blocked by Christopher Tanev.
19:44 of 2nd period - Slapshot by Radko Gudas.
19:44 of 2nd period - Shot Blocked by Adam Henrique.
Goals for this period are 2 for Arizona Coyotes vs 1 for San Jose Sharks.
Shots for this period are 12 for Arizona Coyotes vs 4 for San Jose Sharks.
3rd period
0:01 of 3rd period - Ryan Donato wins face-off versus Ryan Johansen in neutral zone.
0:21 of 3rd period - Icing by Jani Hakanpaa.
0:22 of 3rd period - Ryan Donato wins face-off versus Adam Henrique in Arizona Coyotes zone.
0:35 of 3rd period - Wrist shot by Kevin Fiala.
0:35 of 3rd period - Deflect By Adam Henrique.
0:35 of 3rd period - Stopped by Jacob Markstrom with a rebound.
0:37 of 3rd period - Wrist shot by Adam Henrique.
0:37 of 3rd period - Stopped by Jacob Markstrom with a rebound.
0:58 of 3rd period - Snap shot by Tyler Seguin.
0:58 of 3rd period - Stopped by Stuart Skinner with a rebound.
1:14 of 3rd period - Erik Haula is hit by Jonathan Drouin and loses puck.
1:37 of 3rd period - Penalty to Marcus Pettersson is over, Marcus Pettersson is back on ice.
2:06 of 3rd period - Matt Dumba is hit by Christopher Tanev and loses puck.
2:40 of 3rd period - Brayden McNabb is hit by Jonathan Drouin and loses puck.
2:49 of 3rd period - Snap shot by Jonathan Drouin.
2:49 of 3rd period - Shot Misses the Net.
3:07 of 3rd period - Jared Spurgeon is hit by Eeli Tolvanen and loses puck.
3:40 of 3rd period - Jani Hakanpaa is hit by Nick Perbix and loses puck.
4:46 of 3rd period - Snap shot by Charlie Coyle.
4:46 of 3rd period - Shot Misses the Net.
4:52 of 3rd period - Matt Dumba is hit by Connor Murphy and loses puck.
5:07 of 3rd period - Snap shot by Ryan Johansen.
5:07 of 3rd period - Stopped by Jacob Markstrom with a rebound.
5:11 of 3rd period - Wrist shot by Jonathan Drouin.
5:11 of 3rd period - Shot Blocked by Mike Hoffman.
5:26 of 3rd period - Charlie Coyle is hit by Jonathan Drouin and loses puck.
5:35 of 3rd period - Snap shot by Mike Hoffman.
5:35 of 3rd period - Goal by Mike Hoffman - Arizona Coyotes : 3 - San Jose Sharks : 1.
5:36 of 3rd period - Adam Henrique wins face-off versus Ryan Donato in neutral zone.
6:01 of 3rd period - Marcus Pettersson is hit by Ross Colton.
6:11 of 3rd period - Snap shot by Kevin Fiala.
6:11 of 3rd period - Stopped by Jacob Markstrom with a rebound.
6:58 of 3rd period - Wrist shot by Eeli Tolvanen.
6:58 of 3rd period - Shot Blocked by Tyler Bertuzzi.
7:15 of 3rd period - Slapshot by Matt Dumba.
7:15 of 3rd period - Stopped by Stuart Skinner without a rebound.
7:16 of 3rd period - Ryan Johansen wins face-off versus Ross Colton in San Jose Sharks zone.
7:46 of 3rd period - Wrist shot by Charlie Coyle.
7:46 of 3rd period - Shot Misses the Net.
7:48 of 3rd period - Snap shot by Mats Zuccarello.
7:48 of 3rd period - Stopped by Stuart Skinner with a rebound.
7:50 of 3rd period - Wrist shot by Tyler Seguin.
7:50 of 3rd period - Shot Misses the Net.
9:40 of 3rd period - Wrist shot by Eeli Tolvanen.
9:40 of 3rd period - Shot Misses the Net.
9:57 of 3rd period - Snap shot by Jared Spurgeon.
9:57 of 3rd period - Shot Blocked by Dmitry Orlov.
9:59 of 3rd period - Snap shot by Charlie Coyle.
9:59 of 3rd period - Stopped by Stuart Skinner with a rebound.
10:01 of 3rd period - Slapshot by Jared Spurgeon.
10:01 of 3rd period - Stopped by Stuart Skinner with a rebound.
10:03 of 3rd period - Wrist shot by Charlie Coyle.
10:03 of 3rd period - Shot Blocked by Dmitry Orlov.
10:05 of 3rd period - Slapshot by Charlie Coyle.
10:05 of 3rd period - Stopped by Stuart Skinner without a rebound.
10:06 of 3rd period - Adam Henrique wins face-off versus Tyler Bertuzzi in San Jose Sharks zone.
10:15 of 3rd period - Snap shot by Calle Jarnkrok.
10:15 of 3rd period - Stopped by Jacob Markstrom without a rebound.
10:16 of 3rd period - Adam Henrique wins face-off versus Ryan Donato in Arizona Coyotes zone.
10:17 of 3rd period - Snap shot by Kevin Fiala.
10:17 of 3rd period - Goal by Kevin Fiala - Arizona Coyotes : 3 - San Jose Sharks : 2.
10:18 of 3rd period - Charlie Coyle wins face-off versus Adam Henrique in neutral zone.
10:52 of 3rd period - Slapshot by Ryan Donato.
10:52 of 3rd period - Shot Blocked by Max Domi.
11:14 of 3rd period - Snap shot by Ondrej Palat.
11:14 of 3rd period - Stopped by Stuart Skinner with a rebound.
11:28 of 3rd period - Eeli Tolvanen is hit by Matt Dumba.
11:56 of 3rd period - Slapshot by Mike Hoffman.
11:56 of 3rd period - Shot Hit the Post.
12:57 of 3rd period - Slapshot by Eeli Tolvanen.
12:57 of 3rd period - Stopped by Jacob Markstrom without a rebound.
12:58 of 3rd period - Adam Henrique wins face-off versus Ryan Donato in Arizona Coyotes zone.
12:59 of 3rd period - Wrist shot by Kevin Fiala.
12:59 of 3rd period - Shot Blocked by Jani Hakanpaa.
13:09 of 3rd period - Snap shot by Kevin Fiala.
13:09 of 3rd period - Shot Misses the Net.
13:11 of 3rd period - Snap shot by Adam Henrique.
13:11 of 3rd period - San Jose Sharks goal is going for a video replay.
13:11 of 3rd period - The goal is refused. The goalkeeper has been pushed into the net together with the puck after making a save..
13:12 of 3rd period - Ryan Johansen wins face-off versus Charlie Coyle in Arizona Coyotes zone.
13:23 of 3rd period - Mats Zuccarello is hit by Marcus Pettersson and loses puck.
13:38 of 3rd period - Adam Henrique is hit by Ondrej Palat and loses puck.
13:47 of 3rd period - Slapshot by Marcus Pettersson.
13:47 of 3rd period - Stopped by Jacob Markstrom with a rebound.
13:49 of 3rd period - Snap shot by Christopher Tanev.
13:49 of 3rd period - Shot Blocked by Jani Hakanpaa.
13:51 of 3rd period - Snap shot by Kevin Fiala.
13:51 of 3rd period - Shot Misses the Net.
14:03 of 3rd period - Slapshot by Max Domi.
14:03 of 3rd period - Stopped by Jacob Markstrom with a rebound.
14:05 of 3rd period - Snap shot by Brandon Tanev.
14:05 of 3rd period - Shot Misses the Net.
14:07 of 3rd period - Slapshot by Alec Martinez.
14:07 of 3rd period - Shot Misses the Net.
14:11 of 3rd period - Wrist shot by Brandon Tanev.
14:11 of 3rd period - Stopped by Jacob Markstrom without a rebound.
14:12 of 3rd period - Charlie Coyle wins face-off versus Adam Henrique in Arizona Coyotes zone.
14:17 of 3rd period - Wrist shot by Kevin Fiala.
14:17 of 3rd period - Shot Blocked by Jared Spurgeon.
14:19 of 3rd period - Slapshot by Dmitry Orlov.
14:19 of 3rd period - Deflect By Jared Spurgeon.
14:19 of 3rd period - Stopped by Jacob Markstrom with a rebound.
14:21 of 3rd period - Snap shot by Alec Martinez.
14:21 of 3rd period - Stopped by Jacob Markstrom without a rebound.
14:22 of 3rd period - Adam Henrique wins face-off versus Charlie Coyle in Arizona Coyotes zone.
14:26 of 3rd period - Minor Penalty to Brayden McNabb for Hooking.
14:27 of 3rd period - Charlie Coyle wins face-off versus Ryan Johansen in Arizona Coyotes zone.
15:14 of 3rd period - Charlie Coyle is hit by Marcus Pettersson and loses puck.
15:47 of 3rd period - Jonathan Drouin is hit by Nick Seeler.
16:04 of 3rd period - Snap shot by Jonathan Drouin.
16:04 of 3rd period - Shot Misses the Net.
16:12 of 3rd period - Wrist shot by Jonathan Drouin.
16:12 of 3rd period - Shot Blocked by Jani Hakanpaa.
16:14 of 3rd period - Snap shot by Ryan Johansen.
16:14 of 3rd period - Stopped by Jacob Markstrom with a rebound.
16:16 of 3rd period - Slapshot by Connor Murphy.
16:16 of 3rd period - Deflect By Matthew Knies.
16:16 of 3rd period - Stopped by Jacob Markstrom with a rebound.
16:18 of 3rd period - Backhand shot by Alec Martinez.
16:18 of 3rd period - Goal by Alec Martinez - Arizona Coyotes : 3 - San Jose Sharks : 3.
16:19 of 3rd period - Max Domi wins face-off versus Kiefer Sherwood in neutral zone.
16:19 of 3rd period - Minor Penalty to T.J. Oshie for Roughing.
16:20 of 3rd period - Adam Henrique wins face-off versus Ryan Donato in San Jose Sharks zone.
18:19 of 3rd period - Penalty to T.J. Oshie is over, T.J. Oshie is back on ice.
19:14 of 3rd period - Tyler Seguin is hit by Calle Jarnkrok and loses puck.
19:45 of 3rd period - Kiefer Sherwood is hit by Dmitry Orlov and loses puck.
Goals for this period are 1 for Arizona Coyotes vs 2 for San Jose Sharks.
Shots for this period are 8 for Arizona Coyotes vs 16 for San Jose Sharks.
Overtime #1
0:01 of 1st overtime period - Charlie Coyle wins face-off versus Adam Henrique in neutral zone.
0:14 of 1st overtime period - Wrist shot by Kevin Fiala.
0:14 of 1st overtime period - Stopped by Jacob Markstrom without a rebound.
0:15 of 1st overtime period - Tyler Seguin wins face-off versus Ryan Johansen in Arizona Coyotes zone.
0:26 of 1st overtime period - Wrist shot by Tyler Seguin.
0:26 of 1st overtime period - Goal by Tyler Seguin - Arizona Coyotes : 4 - San Jose Sharks : 3.
Goals for this period are 1 for Arizona Coyotes vs 0 for San Jose Sharks.
Shots for this period are 1 for Arizona Coyotes vs 1 for San Jose Sharks.
Back to the Top